 Dungeon Crawl Stone Soup version 0.26.1-2-gb8aa6d0cf2 (webtiles) character file.

Game seed: 10072234577565543163

82424 Electrofox the Transmogrifier (level 15, 0/165 HPs)
             Began as a Green Draconian Earth Elementalist on Feb 6, 2021.
             Was a High Priest of Vehumet.
             Slain by a yak (28 damage)
             ... on level 6 of the Lair of Beasts on Feb 11, 2021.
             The game lasted 05:25:32 (32449 turns).

Electrofox the Transmogrifier (DrEE)               Turns: 32449, Time: 05:25:33

Health: 0/165      AC:  9    Str: 18    XL:     15   Next: 29%
Magic:  29/30      EV: 11    Int: 21    God:    Vehumet [*****.]
Gold:   1235       SH:  0    Dex: 12    Spells: 0/37 levels left

rFire    . . .     SeeInvis +     - Unarmed
rCold    . . .     Faith    .   (shield currently unavailable)
rNeg     . . .     Spirit   .   (armour unavailable)
rPois    +         Reflect  .   (helmet currently unavailable)
rElec    .         Harm     .   (cloak currently unavailable)
rCorr    .         Rampage  .   (gloves currently unavailable)
Will     ++...                  (boots currently unavailable)
Stlth    ++........             w - amulet of Daisies {Acrobat Str+7 SInv}
HPRegen  0.37/turn              Q - ring of willpower
MPRegen  0.22/turn              y - ring of wizardry

@: lethally poisoned (0 -> -4), hydra-form (expiring), sleeping, very slightly
contaminated
A: very large, (breathe noxious fumes), unfitting armour, AC +9
a: End Transformation, Renounce Religion


You were on level 6 of the Lair of Beasts.
You worshipped Vehumet.
Vehumet was extremely pleased with you.
You were a seven-headed hydra.
You visited 4 branches of the dungeon, and saw 22 of its levels.

You collected 1625 gold pieces.
You spent 390 gold pieces at shops.

Inventory:

Hand Weapons
 b - a +1 flail of protection
Missiles
 c - 12 atropa-tipped darts
 e - 65 poisoned darts
 u - 5 curare-tipped darts
 z - 52 stones
Armour
 H - a +0 cloak (melded)
 I - a +0 pair of boots (melded)
 P - the +3 hat of Pondering (melded) {ponderous, Will+ MP+10 Int+5}
   (You took it off Gastronok on level 12 of the Dungeon)

   It affects your intelligence (+5).
   It affects your willpower, your defense against some magical effects.
   It affects your magic capacity (+10).
Magical Staves
 a - an uncursed staff of earth (melded)
Jewellery
 w - the amulet of Daisies (around neck) {Acrobat Str+7 SInv}
   (You found it on level 4 of the Dungeon)

   [amulet of the acrobat]

   It helps you evade while moving and waiting.
   It affects your strength (+7).
   It lets you see invisible.
 y - a ring of wizardry (right foreclaw)
 E - an uncursed amulet of the acrobat {unknown}
 F - a +6 ring of intelligence
 Q - a ring of willpower (left foreclaw)
Wands
 v - a wand of flame (27)
 D - a wand of acid (10)
 G - a wand of paralysis (5)
 L - a wand of enslavement (9)
 O - a wand of iceblast (10)
 R - a wand of digging (5)
Scrolls
 f - a scroll of blinking {unknown}
 g - 2 scrolls of fog
 j - 7 scrolls of teleportation
 m - 6 scrolls of remove curse
 n - 4 scrolls of identify
 o - 5 scrolls of magic mapping
 p - 4 scrolls of fear
 s - 4 scrolls of enchant weapon
 t - a scroll of amnesia
 C - 3 scrolls of enchant armour
 M - 5 scrolls of immolation
 N - a scroll of noise {unknown}
 T - a scroll of summoning {unknown}
 U - a scroll of torment {unknown}
Potions
 d - a potion of berserk rage
 h - 6 potions of curing
 i - 5 potions of haste
 k - 5 potions of brilliance
 l - 2 potions of might
 q - 3 potions of lignification
 r - 4 potions of ambrosia
 x - a potion of invisibility
 A - 3 potions of mutation
 B - 2 potions of cancellation
 J - 2 potions of magic
 S - 2 potions of flight


   Skills:
 - Level 10.3 Fighting
 - Level 8.0 Dodging
 - Level 1.7 Stealth
 + Level 11.4 Unarmed Combat
 + Level 11.9 Spellcasting
 - Level 5.0 Conjurations
 - Level 12.0 Transmutations
 - Level 4.0 Fire Magic
 - Level 4.0 Ice Magic
 - Level 2.0 Air Magic
 - Level 10.0 Earth Magic
 - Level 4.9 Evocations


You couldn't memorise any spells.
You knew the following spells:

 Your Spells              Type           Power        Failure   Level
a - Sandblast             Erth           100%         1%          1
b - Stone Arrow           Conj/Erth      88%          1%          3
c - Lee's Rapid Deconstr  Erth           26%          1%          5
d - Hydra Form            Tmut           29%          2%          6
e - Bolt of Magma         Conj/Fire/Erth 19%          1%          5
f - Blade Hands           Tmut           29%          1%          5
g - Irradiate             Conj/Tmut      24%          1%          5
h - Ozocubu's Armour      Ice            29%          1%          3
i - Petrify               Tmut/Erth      56%          1%          4

Your spell library contained the following spells:

 Spells                   Type           Power        Failure   Level
 Fireball                 Conj/Fire      15%          3%          5
 Beastly Appendage        Tmut           100%         1%          1
 Freeze                   Ice            100%         1%          1
 Passwall                 Tmut/Erth      46%          1%          2
 Swiftness                Air            20%          1%          2
 Wereblood                Tmut           58%          1%          2
 Conjure Flame            Conj/Fire      31%          1%          3
 Frozen Ramparts          Ice            58%          1%          3
 Mephitic Cloud           Conj/Pois/Air  22%          1%          3
 Spider Form              Tmut/Pois      18%          1%          3
 Hailstorm                Conj/Ice       31%          1%          4
 Ice Form                 Ice/Tmut       46%          1%          4
 Yara's Violent Unravell  Hex/Tmut       18%          1%          5
 Animate Skeleton         Necr           24%          2%          1
 Pain                     Necr           48%          2%          1
 Summon Small Mammal      Summ           48%          2%          1
 Poisonous Vapours        Pois/Air       32%          2%          2
 Iskenderun's Battlesphe  Conj           33%          2%          5
 Call Imp                 Summ           12%          3%          2
 Iron Shot                Conj/Erth      22%          4%          6
 Alistair's Intoxication  Tmut/Pois      24%          5%          5
 Call Canine Familiar     Summ           12%          6%          3
 Confusing Touch          Hex            12%          6%          3
 Gell's Gravitas          Tloc           6%           6%          3
 Summon Guardian Golem    Hex/Summ       12%          6%          3
 Vampiric Draining        Necr           6%           6%          3
 Summon Ice Beast         Ice/Summ       20%          10%         4
 Summon Lightning Spire   Summ/Air       16%          14%         4
 Freezing Cloud           Conj/Ice/Air   13%          19%         6
 Animate Dead             Necr           6%           21%         4
 Metabolic Englaciation   Hex/Ice        10%          26%         5
 Orb of Destruction       Conj           16%          47%         7
 Agony                    Necr           12%          50%         5
 Spellforged Servitor     Conj/Summ      11%          77%         7


Dungeon Overview and Level Annotations

Branches:
Dungeon (13/15)            Temple (1/1) D:5            Lair (6/6) D:8
 Shoals (0/4) Lair:4       Spider (0/4) Lair:3        Slime (0/5) Lair:5
    Orc (2/2) D:12
    Elf: Orc:2       Vaults: D:13-14

Altars:
Ashenzari
Cheibriados
Dithmenos
Elyvilon
Fedhas
Gozag
Hepliaklqana
Kikubaaqudgha
Makhleb
Nemelex Xobeh
Okawaru
Qazlal
Ru
Sif Muna
Trog
Uskayaw
Vehumet
Wu Jian
Xom
Yredelemnul
Zin
The Shining One
Jiyva

Shops:
D:4 *   D:10 }

Annotations:
D:13 exclusion: vault guard
Lair:5 1 runed translucent door, exclusions: door and 2 oklob plants
Orc:1 Fannar, Jorgrun


Innate Abilities, Weirdness & Mutations

((You can breathe blasts of noxious fumes.))
((Your lurid green scales are hard. (AC +9)))
You cannot fit into any form of body armour.
((Your tail ends in a poisonous barb.))
((Your system is resistant to poisons. (rPois)))
((You are cold-blooded and may be slowed by cold attacks.))


Message History

You feel your power returning.
The yak is blasted with magical radiation!!
The yak is almost dead.
The yak twists and deforms.
The yak is blasted with magical radiation!!
You kill the yak!
Vehumet accepts your kill.
You feel your power returning.
You are very lightly contaminated with residual magic.
You feel sick.
The dream sheep are wreathed in dream dust.
You feel drowsy...
You fall asleep.
The yak barely misses you.
You feel sick.
A harpy comes into view.
The yak barely misses you.
The harpy moves out of view.
You feel sick. The yak barely misses you. The yak closely misses you.
A yak comes into view.
The yak closely misses you. The yak gores you!!
You die...

..... ##....... ...#.. .P..
###....l... #.... ...
.......... ##..# ...
##.Y....... ....### ##..
#.Y........ ...P#.# ..###
#..<†...... ......#
#...##Y.......... .....#
##...#l.......##.. .#..##
##.DYYYY..Yl...# ##..#####
###..YY.Y.Y.#.#..#
##...#.####.##...#...##..###
###....≈...#≈#≈....#.....
.≈.≈..≈≈...P≈≈≈≈.!.....Y..
≈#.≈≈##≈≈#.≈≈##....F.#...
≈.#≈≈..≈≈#.≈≈..≈........Y
≈≈≈≈≈≈≈≈≈≈≈≈≈≈≈≈.#....H.
###≈≈.#.≈#.≈≈≈≈..###.....


You could see a manticore (wandering), 5 yaks, a basilisk, a blink frog and 5
dream sheep.

Vanquished Creatures
  Gastronok (D:12)
  An orc warlord (Orc:2)
  Nessos (Lair:4)
  4 hydras
  A boulder beetle (Lair:5)
  Harold (D:9)
  A death knight (D:13)
  5 two-headed ogres
  6 death yaks (Lair:2)
  4 orc high priests
  Nergalle (Lair:4)
  An unseen horror (D:12)
  2 lindwurms
  2 orc knights (Orc:2)
  A wolf spider (Lair:3)
  An oklob plant (Lair:1)
  2 orc sorcerers (Orc:2)
  4 manticores
  10 elephants
  2 cyclopes
  An ice statue (Lair:3)
  6 black mambas
  13 cane toads
  A torpor snail (Lair:2)
  Maggie (D:7)
  A gargoyle (D:13)
  12 komodo dragons
  8 rime drakes
  A freezing wraith (Lair:3)
  5 trolls
  A meliai (Lair:5)
  8 polar bears
  4 hornets
  A snapping turtle (Lair:4)
  25 dream sheep
  3 slime creatures (D:13)
  22 blink frogs
  A vampire (D:13)
  6 wyverns
  A shadow (D:13)
  2 wraiths
  6 basilisks
  71 yaks
  Eustachio (D:4)
  A steam dragon (Lair:4)
  Grum (D:11)
  2 acid dragons (D:11)
  21 water moccasins
  Duvessa (D:7)
  30 orc warriors
  2 sky beasts
  3 black bears
  An eye of draining (D:11)
  A phantom (D:13)
  14 ice beasts
  7 necrophages
  25 wolves
  9 centaurs
  11 ogres
  A big kobold (D:12)
  11 bullfrogs
  A wyvern zombie (D:10)
  Dowan (D:7)
  4 scorpions
  43 killer bees
  9 wights
  An electric eel (Lair:4)
  2 bullfrog zombies
  2 jellies
  A quasit (D:9)
  A centaur zombie (D:5)
  A gnoll shaman (D:8)
  23 orc priests
  15 hounds
  18 orc wizards
  Jessica (D:2)
  3 bullfrog skeletons
  2 centaur skeletons
  3 iguanas
  11 worker ants
  2 killer bee zombies (D:8)
  3 worker ant zombies
  14 adders
  8 gnolls
  A howler monkey skeleton (D:4)
  3 shadow imps
  3 white imps
  An ufetubus (D:8)
  3 oozes
  3 adder skeletons
  5 worms
  8 dart slugs
  5 leopard geckos
  64 orcs
  A ball python (D:4)
  10 bats
  5 giant cockroaches
  5 goblins
  12 hobgoblins
  16 jackals
  3 quokkas
  A ball python skeleton (D:4)
  7 frilled lizards
  17 kobolds
  A quokka skeleton (D:8)
  8 rats
  A spectral orc (D:5)
745 creatures vanquished.

Vanquished Creatures (collateral kills)
  A wolf (D:11)
  A killer bee (Lair:5)
2 creatures vanquished.

Vanquished Creatures (others)
  50 fungi
  165 plants
215 creatures vanquished.

Grand Total: 962 creatures vanquished

Notes
Turn   | Place    | Note
-------+----------+-------------------------------------------
     0 | D:1      | Electrofox the Draconian Earth Elementalist began the quest
                  | for the Orb.
     0 | D:1      | Reached XP level 1. HP: 14/14 MP: 3/3
   446 | D:1      | Reached XP level 2. HP: 18/20 MP: 5/5
  1341 | D:1      | Reached XP level 3. HP: 26/26 MP: 7/7
  1419 | D:2      | Noticed Jessica
  1866 | D:2      | Found an ancient bone altar of Kikubaaqudgha.
  2186 | D:2      | Reached XP level 4. HP: 28/33 MP: 8/8
  2190 | D:2      | Learned a level 3 spell: Stone Arrow
  2646 | D:2      | Killed Jessica
  2647 | D:2      | Reached skill level 5 in Earth Magic
  2966 | D:2      | Reached XP level 5. HP: 38/38 MP: 7/9
  3184 | D:2      | Found a glowing golden altar of the Shining One.
  4158 | D:3      | Found a glowing silver altar of Zin.
  4469 | D:4      | Found a stormy altar of Qazlal.
  4484 | D:4      | Found an opulent altar of Gozag.
  4530 | D:4      | Noticed Eustachio
  4546 | D:4      | HP: 1/38 [white imp/puff of frost[Eustachio] (12)]
  4551 | D:3      | Reached skill level 1 in Conjurations
  4876 | D:4      | Reached XP level 6. HP: 45/45 MP: 10/10
  5240 | D:4      | HP: 2/45 [poisoned by a worker ant]
  5765 | D:4      | Killed Eustachio
  5766 | D:4      | Your scales start taking on a lurid green colour.
  5766 | D:4      | Reached XP level 7. HP: 49/50 MP: 5/11
  5766 | D:4      | Gained mutation: Your system is resistant to poisons.
                  | (rPois) [Green Draconian growth]
  5940 | D:4      | Found Muusk's Assorted Antiques.
  6286 | D:4      | Got a sparkling sapphire amulet
  6612 | D:4      | Identified the amulet of Daisies {Acrobat Str+7 SInv} (You
                  | found it on level 4 of the Dungeon)
  6619 | D:5      | Entered Level 5 of the Dungeon
  6679 | D:5      | Found a staircase to the Ecumenical Temple.
  6695 | Temple   | Entered the Ecumenical Temple
  7033 | Temple   | Became a worshipper of Vehumet
  7076 | D:5      | Identified the Compendium of Shifting Weightlessness
  7348 | D:5      | Learned a level 5 spell: Lee's Rapid Deconstruction
  7566 | D:5      | Reached XP level 8. HP: 57/57 MP: 11/14
  7668 | D:5      | Found a basalt altar of Yredelemnul.
  7728 | D:5      | Found a shimmering blue altar of Sif Muna.
  8311 | D:6      | Reached skill level 5 in Spellcasting
  8434 | D:6      | Reached skill level 2 in Transmutations
  8525 | D:6      | Reached skill level 3 in Transmutations
  8528 | D:6      | Learned a level 1 spell: Beastly Appendage
  8967 | D:7      | Reached skill level 4 in Transmutations
  9173 | D:7      | Noticed Dowan
  9218 | D:7      | Reached skill level 5 in Transmutations
  9328 | D:6      | Found a shimmering altar of Xom.
  9386 | D:7      | Noticed Duvessa
  9408 | D:7      | Reached * piety under Vehumet
  9408 | D:7      | Offered knowledge of Freeze by Vehumet.
  9409 | D:7      | Reached skill level 6 in Transmutations
  9409 | D:7      | Reached XP level 9. HP: 62/62 MP: 2/16
  9412 | D:7      | Learned a level 2 spell: Swiftness
  9621 | D:7      | Noticed Maggie
  9640 | D:7      | Killed Maggie
  9641 | D:7      | Reached skill level 7 in Transmutations
  9641 | D:7      | Reached skill level 1 in Air Magic
  9838 | D:7      | Reached skill level 1 in Fighting
  9894 | D:7      | Killed Duvessa
  9897 | D:7      | Killed Dowan
  9993 | D:6      | Learned a level 5 spell: Blade Hands
 10473 | D:8      | Noticed a two-headed ogre
 10795 | D:8      | Noticed a two-headed ogre
 10821 | D:8      | Killed a two-headed ogre
 10822 | D:8      | Reached skill level 5 in Fighting
 10912 | D:8      | Reached skill level 5 in Dodging
 11164 | D:8      | Killed a two-headed ogre
 11165 | D:8      | Reached XP level 10. HP: 60/83 MP: 17/17
 11271 | D:8      | Found a staircase to the Lair.
 11463 | D:3      | Found a hide-covered altar of Uskayaw.
 11651 | D:9      | Found a sacrificial altar of Ru.
 11699 | D:9      | Found a white marble altar of Elyvilon.
 11888 | D:9      | Noticed a two-headed ogre
 11897 | D:9      | Killed a two-headed ogre
 11897 | D:9      | Offered knowledge of Foxfire by Vehumet.
 11956 | D:9      | Reached ** piety under Vehumet
 12046 | D:9      | Noticed Harold
 12810 | D:9      | Found an opulent altar of Gozag.
 12817 | D:9      | Found a hazy altar of Hepliaklqana.
 12917 | D:10     | Entered Level 10 of the Dungeon
 13103 | D:9      | Killed Harold
 13104 | D:9      | Reached skill level 1 in Unarmed Combat
 13496 | D:10     | Reached XP level 11. HP: 84/95 MP: 18/18
 13496 | D:10     | Offered knowledge of Conjure Flame by Vehumet.
 14032 | D:10     | Found Numitaw's Gadget Shop.
 14188 | D:11     | Noticed Grum
 14389 | D:11     | Reached *** piety under Vehumet
 14417 | D:10     | Upgraded the game from 0.26.1 to 0.26.1-2-gb8aa6d0cf2
 14481 | D:11     | Killed Grum
 14934 | D:11     | Offered knowledge of Iskenderun's Mystic Blast by Vehumet.
 15404 | D:11     | Learned a level 4 spell: Ice Form
 15710 | D:11     | Reached skill level 5 in Unarmed Combat
 15711 | D:11     | Reached skill level 1 in Ice Magic
 16539 | D:12     | Noticed Gastronok
 16627 | D:12     | Noticed an unseen horror
 16630 | D:12     | Reached **** piety under Vehumet
 16635 | D:12     | Noticed a two-headed ogre
 16642 | D:12     | Killed an unseen horror
 16653 | D:12     | Killed a two-headed ogre
 16738 | D:12     | Reached skill level 10 in Fighting
 16771 | D:12     | Offered knowledge of Bolt of Magma by Vehumet.
 16929 | D:12     | Found a staircase to the Orcish Mines.
 17202 | D:12     | Killed Gastronok
 17203 | D:12     | Reached XP level 12. HP: 106/106 MP: 11/20
 17780 | D:13     | Noticed a death knight
 17804 | D:13     | Killed a death knight
 17919 | D:13     | Learned a level 5 spell: Bolt of Magma
 18084 | D:13     | Reached skill level 1 in Fire Magic
 18144 | D:13     | Noticed a vault guard
 19130 | D:13     | Reached ***** piety under Vehumet
 19495 | Lair:1   | Entered Level 1 of the Lair of Beasts
 19503 | Lair:1   | Offered knowledge of Sticky Flame by Vehumet.
 19507 | Lair:1   | Reached skill level 5 in Conjurations
 20463 | Lair:1   | Reached skill level 1 in Evocations
 21192 | Lair:2   | Noticed a seven-headed hydra
 21208 | Lair:2   | Reached skill level 8 in Transmutations
 21208 | Lair:2   | Reached XP level 13. HP: 56/114 MP: 25/25
 21934 | Lair:2   | Reached skill level 9 in Transmutations
 22788 | Lair:3   | You fall into a shaft and drop 1 floor!
 22798 | Lair:4   | Noticed Nergalle
 23244 | Lair:4   | Reached skill level 10 in Transmutations
 23486 | Lair:3   | Found a hole to the Spider Nest.
 24013 | Lair:3   | Learned a level 5 spell: Irradiate
 24017 | Lair:3   | Learned a level 3 spell: Ozocubu's Armour
 24379 | D:4      | Bought a leatherbound book for 390 gold pieces
 24886 | Lair:4   | Offered knowledge of Fulminant Prism by Vehumet.
 25103 | Lair:4   | Noticed Nessos
 25108 | Lair:4   | Killed Nessos
 25109 | Lair:4   | Reached skill level 11 in Transmutations
 25140 | Lair:4   | Gained mutation: Your tail ends in a poisonous barb. [Green
                  | Draconian growth]
 25140 | Lair:4   | Reached XP level 14. HP: 89/122 MP: 22/27
 26210 | Lair:4   | Killed Nergalle
 26211 | Lair:4   | Reached skill level 10 in Spellcasting
 26306 | Lair:4   | Found a staircase to the Shoals.
 26942 | Lair:5   | Found a runed translucent door.
 26943 | Lair:5   | Found a viscous altar of Jiyva.
 26943 | Lair:5   | Noticed an azure jelly
 26943 | Lair:5   | Noticed an azure jelly
 26945 | Lair:5   | Found a staircase to the Slime Pits.
 26945 | Lair:5   | Noticed an azure jelly
 26945 | Lair:5   | Noticed an azure jelly
 26945 | Lair:5   | Noticed an azure jelly
 26946 | Lair:5   | Noticed an azure jelly
 27225 | Lair:5   | Reached skill level 12 in Transmutations
 28213 | Orc:1    | Entered Level 1 of the Orcish Mines
 28325 | Orc:2    | Entered Level 2 of the Orcish Mines
 28700 | Orc:1    | Noticed Fannar
 28709 | Orc:2    | Offered knowledge of Conjure Ball Lightning by Vehumet.
 28711 | Orc:2    | HP: 4/122 [burnt (6)]
 29210 | Orc:2    | Reached skill level 10 in Unarmed Combat
 29528 | Orc:2    | Noticed an orc warlord
 29539 | Orc:2    | Killed an orc warlord
 30013 | Orc:1    | Noticed Jorgrun
 30165 | D:12     | Learned a level 4 spell: Petrify
 30774 | Lair:6   | Entered Level 6 of the Lair of Beasts
 31409 | Lair:6   | Reached XP level 15. HP: 89/127 MP: 21/30
 31411 | Lair:5   | Offered knowledge of Fireball by Vehumet.
 32239 | Lair:6   | Learned a level 6 spell: Hydra Form
 32430 | Lair:6   | Reached skill level 10 in Earth Magic
 32449 | Lair:6   | Slain by a yak

Illustrated notes

Levels and vault maps discovered:
D:1:      nzn_arrival_depleted_hourglass, layout_basic
D:2:      minmay_skewed_foursquare, layout_basic, lemuel_round_altar, tso_altar,
          uniq_jessica
D:3:      layout_loops_ring, nicolae_overflow_crystal_walls,
          general_overflow_altar, chequers_jeans, chequers_serial_rivers_micro_c
D:4:      minmay_opposing_rooms, layout_cave_pools, grunt_qazlal_clouds,
          serial_shops, nicolae_shop_stone, serial_bayou, serial_bayou_pond_a,
          serial_bayou_lagoon_a, serial_bayou_shore_a, serial_bayou_pond_b,
          serial_bayou_lake_a, chequers_serial_rivers_small_a,
          nicolae_gozag_cash_rules_everything_around_me, uniq_eustachio
D:5:      layout_cave_pools, yredelemnul_forgotten_temple_becter,
          lemuel_blue_sif_altar, minmay_temple_entry_arrows
D:6:      lemuel_upstairs_altar, layout_basic
D:7:      layout_rooms, uniq_duvessa, uniq_maggie
D:8:      layout_loops_ring, lair_entry_dummy
D:9:      layout_basic, elyvilon_altar_3, amethyst_overflow_temple_binary,
          nicolae_ru_great_annihilating_truth, uniq_harold
D:10:     layout_rooms, serial_shops, kennysheep_little_box
D:11:     layout_roguey, uniq_grum
D:12:     layout_rooms, orc_0_dummy, abandoned_shop, uniq_gastronok
D:13:     layout_grid_maze, david_vaults_4
Temple:   oiseaux_autumnal_temple
Lair:1:   layout_cave_shapes, st_stairs_4, serial_bayou_shore_b,
          grunt_megastairs_5, minmay_lair_oklob_chamber
Lair:2:   nzn_winding_woodlands_large [nzn_winding_woodlands_hourglass,
          nzn_winding_woodlands_5x15_twine,
          nzn_winding_woodlands_5x5_closed_star,
          nzn_winding_woodlands_center_diamonds,
          nzn_winding_woodlands_15x15_five_gardens,
          nzn_winding_woodlands_center_triple_pond,
          nzn_winding_woodlands_5x5_open_star,
          nzn_winding_woodlands_5x15_crooked,
          nzn_winding_woodlands_5x5_perimeter], layout_chaotic_city,
          serial_forest, infiniplex_forest_clump_small,
          infiniplex_forest_clump_curved, infiniplex_forest_3_way,
          infiniplex_forest_end_2
Lair:3:   layout_misc_corridors, spider_nest_entry_rubble, ice2_lemuel
Lair:4:   layout_cave_pods, minmay_shoals_entry_hut, lemuel_fruit_fields,
          infiniplex_staircase_pool_2, serial_bayou_shore_b, uniq_nergalle,
          uniq_nessos
Lair:5:   regret_index_harrowing_hell_hive, layout_long_grid, slime_altar_2,
          roderic_carrion_pond
Lair:6:   gammafunk_lair_ancient_temple, layout_cave_pods, serial_bayou_shore_b,
          serial_bayou_shore_b
Orc:1:    emtedronai_trogs_sanctum, layout_caves, trog_butcher_becter,
          uniq_fannar, uniq_jorgrun
Orc:2:    st_orc_congregation, layout_diamond_mine

Skill      XL: |  1  2  3  4  5  6  7  8  9 10 11 12 13 14 15 |
---------------+----------------------------------------------+-----
Spellcasting   | 3 4 5 8 9 11 | 11.9
Earth Magic    | 4 5 6 7 8 9 10 | 10.0
Conjurations   | 1 3 5 |  5.0
Transmutations | 6 7 8 11 12 | 12.0
Air Magic      | 2 |  2.0
Dodging        | 5 7 8 |  8.0
Fighting       | 6 8 10 | 10.3
Unarmed Combat | 2 7 8 10 11 | 11.4
Ice Magic      | 4 |  4.0
Fire Magic     | 4 |  4.0
Evocations     | 2 4 |  4.9
Stealth        | |  1.7

Action                   |  1- 3 |  4- 6 |  7- 9 | 10-12 | 13-15 || total
-------------------------+-------+-------+-------+-------+-------++-------
Melee: Dagger            |   133 |   245 |    68 |       |       ||   446
       Unarmed           |     6 |       |     5 |   143 |   139 ||   293
       Tailslap          |     6 |    18 |    23 |    30 |    12 ||    89
       Mace              |       |       |    93 |   100 |       ||   193
       Staff             |       |       |       |    20 |    12 ||    32
       Punch             |       |       |       |     5 |     3 ||     8
Throw: Dart              |       |     3 |    35 |    18 |     4 ||    60
 Cast: Sandblast         |    25 |    42 |    51 |   130 |   201 ||   449
       Stone Arrow       |       |     5 |    61 |   173 |   323 ||   562
       Lee's Rapid Decon |       |       |     8 |    24 |    29 ||    61
       Blade Hands       |       |       |     3 |    16 |    16 ||    35
       Beastly Appendage |       |       |     1 |       |       ||     1
       Swiftness         |       |       |       |     2 |       ||     2
       Ice Form          |       |       |       |     4 |     4 ||     8
       Bolt of Magma     |       |       |       |       |    41 ||    41
       Irradiate         |       |       |       |       |    13 ||    13
       Ozocubu's Armour  |       |       |       |       |     5 ||     5
       Petrify           |       |       |       |       |     2 ||     2
       Hydra Form        |       |       |       |       |     1 ||     1
 Abil: Breathe Noxious F |       |       |    13 |    24 |    22 ||    59
       End Transformatio |       |       |       |     1 |     4 ||     5
Evoke: Wand              |       |       |       |       |     2 ||     2
  Use: Scroll            |       |     4 |     9 |    14 |     4 ||    31
       Potion            |       |     2 |       |       |     5 ||     7
 Stab: Sleeping          |     4 |     5 |     1 |     1 |       ||    11
       Confused          |       |       |     2 |     3 |     2 ||     7
Armor: Skin              |    55 |    88 |    80 |    91 |   115 ||   429
Dodge: Dodged            |   110 |   190 |   202 |   333 |   367 ||  1202
